 Dungeon Crawl Stone Soup version 0.27.1 (webtiles) character file.

Game seed: 9040480003044940669

3475 Sabo the Shield-Bearer (level 9, -2/68 HPs)
             Began as a Demonspawn Fighter on Aug 27, 2021.
             Was an Elder of Lugonu.
             Slain by a killer bee (4 damage)
             ... on level 8 of the Dungeon.
             The game lasted 01:02:44 (8501 turns).

Sabo the Shield-Bearer (Demonspawn Fighter)         Turns: 8501, Time: 01:02:45

Health: -2/68      AC: 20    Str: 26    XL:     9   Next: 79%
Magic:  9/9        EV:  4    Int: 12    God:    Lugonu [****..]
Gold:   300        SH: 17    Dex: 14    Spells: 8/8 levels left

rFire    + + .     SeeInvis +   f - +12 quick blade "Ismiotur" {vamp, rF+ SInv}
rCold    + . .     Faith    .   H - +0 tower shield
rNeg     . . .     Spirit   .   n - +0 plate armour
rPois    .         Reflect  .   (helmet restricted)
rElec    .         Harm     .   a - +3 cloak of Zuscha Zicuo {rC+}
rCorr    .         Rampage  .   (no gloves)
Will     .....                  t - +2 pair of boots
Stlth    ..........             k - amulet of regeneration
HPRegen  1.21/turn              j - ring of protection from fire
MPRegen  0.11/turn              l - +6 ring of strength

@: lethally poisoned (-2 -> -4)
A: antennae 2, ignite blood 1, demonic magic 2, thin skeletal structure 1,
clever 1
a: Renounce Religion, Depart the Abyss, Bend Space, Banish, Corrupt


You were on level 8 of the Dungeon.
You worshipped Lugonu.
Lugonu was greatly pleased with you.
You visited 1 branch of the dungeon, and saw 8 of its levels.
You also visited: Ossuary.

You collected 300 gold pieces.

Inventory:

Hand Weapons
 d - a +4 long sword
 f - the +12 quick blade "Ismiotur" (weapon) {vamp, rF+ SInv}
   (You acquired it in an ossuary)

   It occasionally heals its wielder for a portion of the damage dealt when it
   wounds a living foe.
   rF:        It protects you from fire.
   SInv:      It lets you see invisible.
 m - a +0 hand crossbow
 A - a +2 spear of flaming
 F - a +4 hand axe
 I - a +5 short sword
 J - a +3 spear
 K - a +3 scimitar
Missiles
 b - 59 sling bullets
 h - 4 boomerangs (quivered)
 s - 75 bolts
 x - 2 atropa-tipped darts
 y - 78 arrows
Armour
 a - the +3 cloak of Zuscha Zicuo (worn) {rC+}
   (You found it on level 7 of the Dungeon)

   rC:        It protects you from cold.
 n - a +0 plate armour (worn)
 t - a +2 pair of boots (worn)
 H - a +0 tower shield (worn)
Jewellery
 j - a ring of protection from fire (left hand)
 k - an amulet of regeneration (around neck)
 l - a +6 ring of strength (right hand)
Wands
 o - a wand of polymorph (13)
 E - a wand of digging (6)
 G - a wand of charming (6)
 L - a wand of iceblast (17)
Scrolls
 q - a scroll of blinking
 r - 3 scrolls of teleportation
 u - a scroll of fear
 C - a scroll of magic mapping {unknown}
 O - 2 scrolls of enchant armour
Potions
 c - 2 potions of flight {unknown}
 e - a potion of ambrosia {unknown}
 g - a potion of heal wounds
 i - a potion of invisibility {unknown}
 p - 2 potions of curing
 v - a potion of degeneration {unknown}
 w - 2 potions of lignification {unknown}
 z - a potion of brilliance {unknown}
 B - 3 potions of haste
 D - a potion of might
 P - a potion of mutation


   Skills:
 + Level 5.4 Fighting
 + Level 3.8 Short Blades
 + Level 3.3(4.4) Axes
 + Level 4.5(5.0) Polearms
 + Level 4.7 Throwing
 + Level 6.5 Armour
 + Level 1.1 Dodging
 + Level 0.5 Stealth
 + Level 6.6 Shields


You had 8 spell levels left.
You didn't know any spells.
Your spell library contained the following spells:

 Spells                   Type           Power      Damage    Failure   Level
 Animate Skeleton         Necr           0%         N/A       100%        1
 Apportation              Tloc           0%         N/A       100%        1
 Corona                   Hex            0%         N/A       100%        1
 Summon Small Mammal      Summ           0%         N/A       100%        1
 Call Canine Familiar     Summ           0%         N/A       100%        3
 Frozen Ramparts          Ice            0%         1d2       100%        3
 Ignite Poison            Fire/Tmut/Pois 0%         N/A       100%        3
 Mephitic Cloud           Conj/Pois/Air  0%         N/A       100%        3
 Summon Guardian Golem    Hex/Summ       0%         N/A       100%        3
 Ice Form                 Ice/Tmut       0%         N/A       100%        4
 Summon Ice Beast         Ice/Summ       0%         N/A       100%        4
 Bolt of Magma            Conj/Fire/Erth 0%         4d4       100%        5


Dungeon Overview and Level Annotations

Branches:
Dungeon (8/15)             Temple (0/1) D:5         Ossuary (visited)
   Lair: D:8-11

Altars:
Ashenzari
Cheibriados
Elyvilon
Fedhas
Trog
Xom
Yredelemnul
Lugonu

Shops:
D:8 :


Innate Abilities, Weirdness & Mutations

You have a pair of antennae on your head.
Your demonic aura sometimes causes spilled blood to erupt in flames.
Spells you cast may paralyse nearby enemies.
You have a somewhat thin skeletal structure. (Dex +2, Stealth+)
Your mind is acute. (Int +2)


Message History

The killer bee stings you.
You are poisoned.
The killer bee poisons you!
The killer bee stings you but does no damage.
You puncture the killer bee!
You feel better.
The killer bee is almost dead.
You feel very sick.
The killer bee stings you but does no damage.
You block the killer bee's attack.
The killer bee stings you but does no damage. x3
You block the killer bee's attack. The killer bee stings you.
The killer bee barely misses you.
You puncture the killer bee!
You feel better.
You kill the killer bee!
Lugonu accepts your kill.
You feel sick. You block the killer bee's attack. x2
The killer bee stings you but does no damage.
The killer bee stings you!
* * * LOW HITPOINT WARNING * * *
You are more poisoned.
The killer bee poisons you!
The killer bee stings you but does no damage.
The killer bee stings you.
* * * LOW HITPOINT WARNING * * *
You feel very sick. The killer bee completely misses you.
You block the killer bee's attack.
There is a stone staircase leading down here.
You feel sick. You block the killer bee's attack. The killer bee stings you.
* * * LOW HITPOINT WARNING * * *
You are lethally poisoned!
The killer bee poisons you!
* * * LOW HITPOINT WARNING * * *
You feel very sick. You block the killer bee's attack. x3
* * * LOW HITPOINT WARNING * * *
You feel very sick. You block the killer bee's attack.
* * * LOW HITPOINT WARNING * * *
You feel sick. The killer bee stings you.
You die...

########....# #.#.. .........?#.#
#####.#.#
########.###$###........
#..........#......##.#.# #
#..........#......##.#.# #
#..........#......##.#.###### #
#$........................... #
#..........#.##..#.#.#.####.# #
#..........#@##..#........#.# ##
#..........#y##..<.....##.#.#
##.##..........#y##..#........#..
.............†.yy.#..#..#.#.##...
.#.##...####..#..................
.# #.#.# #..##.##..#....#.##...
.# #...# #.....##..#....#.#####
.#.##.∩.#####.#####..#.####.#
.....................#.# #..


You could see 4 killer bees.

Vanquished Creatures
  Sigmund (D:5)
  2 wraiths (Ossuary)
  A steam dragon (D:7)
  2 water moccasins (D:5)
  2 ice beasts
  A necrophage (D:4)
  A black bear (D:5)
  An ogre (D:7)
  3 centaurs
  A phantom (D:6)
  4 scorpions
  A bullfrog (D:7)
  3 wyvern skeletons (D:7)
  10 killer bees
  6 wights
  A howler monkey (D:6)
  A bullfrog zombie (D:6)
  2 centaur zombies
  2 jellies (D:3)
  Crazy Yiuf (D:7)
  A centaur skeleton (D:7)
  2 hounds
  Ijyb (D:3)
  A scorpion zombie (D:5)
  A killer bee zombie (D:6)
  6 adders
  4 gnolls (D:4)
  A howler monkey skeleton (D:7)
  2 ufetubi
  An adder skeleton (D:4)
  3 dart slugs
  3 orcs
  9 endoplasms
  4 giant cockroaches
  11 goblins
  5 hobgoblins
  7 iguanas
  3 jackals (D:4)
  3 quokkas
  5 ball pythons
  A ball python skeleton (Ossuary)
  4 bats
  4 frilled lizards
  A hobgoblin skeleton (Ossuary)
  2 hobgoblin zombies (Ossuary)
  11 kobolds
  2 orc skeletons (Ossuary)
  2 orc zombies (Ossuary)
  4 rats
150 creatures vanquished.

Vanquished Creatures (collateral kills)
  2 wights (D:7)
2 creatures vanquished.

Vanquished Creatures (others)
  8 toadstools (D:4)
8 creatures vanquished.

Grand Total: 160 creatures vanquished

Notes
Turn   | Place    | Note
-------+----------+-------------------------------------------
     0 | D:1      | Sabo the Demonspawn Fighter began the quest for the Orb.
     0 | D:1      | Reached XP level 1. HP: 18/18 MP: 1/1
   278 | D:1      | Gained mutation: Your demonic aura sometimes causes spilled
                  | blood to erupt in flames. [demonic ancestry]
   278 | D:1      | Reached XP level 2. HP: 19/24 MP: 2/2
  1364 | D:2      | Reached XP level 3. HP: 29/29 MP: 3/3
  1398 | D:2      | Reached skill level 1 in Short Blades
  2221 | D:3      | Found a faded altar of an unknown god.
  2224 | D:3      | Noticed Ijyb
  2233 | D:3      | Killed Ijyb
  2234 | D:3      | Reached XP level 4. HP: 35/35 MP: 4/4
  2239 | D:3      | Became a worshipper of Lugonu the Unformed
  2239 | D:3      | Reached * piety under Lugonu
  2239 | D:3      | Reached ** piety under Lugonu
  2459 | D:3      | Found a broken altar of Ashenzari.
  2573 | D:3      | Found a bloodstained altar of Trog.
  2622 | D:3      | Noticed an ice beast
  2649 | D:3      | Killed an ice beast
  2650 | D:3      | Reached skill level 1 in Throwing
  2650 | D:3      | Gained mutation: You have a pair of small antennae on your
                  | head. [demonic ancestry]
  2650 | D:3      | Reached XP level 5. HP: 12/41 MP: 5/5
  2762 | D:3      | Found a basalt altar of Yredelemnul.
  2975 | D:3      | Found a shimmering altar of Xom.
  3110 | D:3      | Reached XP level 6. HP: 46/48 MP: 6/6
  3741 | D:4      | Reached *** piety under Lugonu
  3760 | D:4      | Found a snail-covered altar of Cheibriados.
  3859 | D:4      | Reached XP level 7. HP: 54/54 MP: 7/7
  4195 | D:5      | Entered Level 5 of the Dungeon
  4347 | D:5      | Reached skill level 1 in Polearms
  4813 | D:5      | Gained mutation: Spells you cast may paralyse adjacent
                  | enemies. [demonic ancestry]
  4813 | D:5      | Reached XP level 8. HP: 61/61 MP: 8/8
  4814 | D:5      | Noticed Sigmund
  4829 | D:5      | Killed Sigmund
  4832 | D:5      | Found a staircase to the Ecumenical Temple.
  5095 | D:5      | Reached skill level 5 in Armour
  6038 | D:6      | Reached skill level 5 in Shields
  6250 | D:6      | Identified the +1 robe "Neadghil" {rC- Will+ Str+2 Int+4}
  6539 | D:6      | Gained mutation: You are occasionally teleported next to
                  | monsters. [potion of mutation]
  6539 | D:6      | Gained mutation: Your flesh is heat resistant. (rF+)
                  | [potion of mutation]
  6540 | D:6      | Lost mutation: Your flesh is heat resistant. (rF+) [potion
                  | of mutation]
  6540 | D:6      | Lost mutation: You are occasionally teleported next to
                  | monsters. [potion of mutation]
  6540 | D:6      | Gained mutation: You have a somewhat thin skeletal
                  | structure. (Dex +2, Stealth+) [potion of mutation]
  6540 | D:6      | Gained mutation: You have a pair of antennae on your head.
                  | [potion of mutation]
  6540 | D:6      | Gained mutation: You sometimes lose the ability to read
                  | scrolls when taking damage. [potion of mutation]
  6540 | D:6      | Gained mutation: Your mind is acute. (Int +2) [potion of
                  | mutation]
  6541 | D:6      | Lost mutation: You sometimes lose the ability to read
                  | scrolls when taking damage. [potion of mutation]
  6541 | D:6      | Lost mutation: Your mind is acute. (Int +2) [potion of
                  | mutation]
  6541 | D:6      | Gained mutation: Your mind is acute. (Int +2) [potion of
                  | mutation]
  6623 | D:7      | Gained mutation: Spells you cast may paralyse nearby
                  | enemies. [demonic ancestry]
  6623 | D:7      | Reached XP level 9. HP: 35/58 MP: 9/9
  7046 | D:7      | Found a blossoming altar of Fedhas.
  7134 | D:7      | Reached skill level 5 in Fighting
  7191 | D:7      | Reached skill level 1 in Dodging
  7266 | D:7      | Identified the +3 cloak of Zuscha Zicuo {rC+}
  7442 | D:7      | Found a runed translucent door.
  7443 | D:7      | Noticed Crazy Yiuf
  7448 | D:7      | Killed Crazy Yiuf
  7813 | D:8      | Reached **** piety under Lugonu
  7848 | D:8      | Found a flagged portal.
  7993 | D:8      | Found Zuhatric's Book Shop.
  8033 | D:8      | Found a sand-covered staircase.
  8040 | Ossuary  | Entered an ossuary
  8438 | Ossuary  | Identified a scroll of acquirement
  8438 | Ossuary  | Acquired the +12 quick blade "Ismiotur" {vamp, rF+ SInv}
  8500 | D:8      | HP: 3/68 [poisoned by a killer bee]
  8501 | D:8      | Slain by a killer bee

Illustrated notes

Levels and vault maps discovered:
D:1:      eino_arrival_cavern_e, layout_rooms
D:2:      layout_loops_corners
D:3:      layout_loops_cross, dk_xom_monty_hall, mainiacjoe_overflow_paths,
          marbit_many_paths, mainiacjoe_overflow_alcove_2,
          hellmonk_ecumenical_altar_run_dry, uniq_ijyb
D:4:      cheibrodos_fertilizer, layout_rooms,
          mainiacjoe_overflow_concentric_impassable
D:5:      black_bear_nest_1, layout_basic, minmay_temple_entry_junction,
          serial_glass, glass_columns_b, glass_columns_c, glass_columns_a,
          glass_columns_a, uniq_sigmund
D:6:      nicolae_whirlpool, layout_basic
D:7:      layout_cave_pools, elyvilon_altar_3, fedhas_altar_fruit_tree,
          minmay_crystal_room, uniq_crazy_yiuf_cottage
D:8:      layout_basic, nicolae_tso_besieged_by_evil, nzn_wu_jian_contemplation,
          ebering_ghost_xom, serial_shops, nicolae_shop_stone, enter_bailey_3,
          enter_ossuary_3, uniq_prince_ribbit1

Skill      XL: |  1  2  3  4  5  6  7  8  9 |
---------------+----------------------------+-----
Shields        | 3 4 5 6 |  6.6
Armour         | 3 4 5 6 |  6.5
Short Blades   | 1 2 3 |  3.8
Throwing       | 1 2 4 |  4.7
Fighting       | 4 5 |  5.4
Polearms       | 2 4 |  4.5
Axes           | 3 |  3.3
Dodging        | 1 |  1.1
Stealth        | |  0.5

Action                   |  1- 3 |  4- 6 |  7- 9 || total
-------------------------+-------+-------+-------++-------
Melee: Short sword       |   107 |   151 |     2 ||   260
       Spear             |       |       |   184 ||   184
       Hand axe          |       |       |   182 ||   182
       Quick blade       |       |       |    11 ||    11
Throw: Boomerang         |    20 |    39 |    95 ||   154
  Use: Scroll            |     2 |     4 |     8 ||    14
       Potion            |     1 |     1 |     5 ||     7
Armor: Scale mail        |    30 |       |       ||    30
       Plate armour      |     4 |    90 |   301 ||   395
       Chain mail        |     2 |       |       ||     2
Dodge: Dodged            |    27 |    12 |    80 ||   119
Block: Kite shield       |    43 |    69 |    75 ||   187
       Tower shield      |       |       |   277 ||   277
